AoeStats
← LMG_Leonardo

African Clearing

510424208Analyzed
3v3 RM · 8h ago on Oct 1, 2026· 15m 38s· 6 players
Game mode
Random Map
Map size
Normal (6 player)
Population
200
Speed
Normal
Resources
Standard
Victory
Conquest
Starting age
Dark Age
Ending age
Imperial Age
RankedLock teamsTeams togetherTeam positionsShared explorationLock speedFull tech treeHidden civsTurbo modeCheats
Victory
Defeat
🇨🇴 Persians · Colombia
1399
+11
🇺🇸 Varangians · United States
1397
+11
🇨🇴 Huns · Colombia
1360
+12
🇷🇺 Berbers · Russia
1300
-12
🇨🇳 Celts · China
1294
-12
🇲🇽 Magyars · Mexico
1254
-10
PapuKong
9:32 Loom
ThomasDZK
5:06 Loom
15:29 Feudal Age
AnonymousJohn
6:51 Loom
15:56 Feudal Age
LMG_Leonardo
8:49 Loom
10:59 Feudal Age
12:38 Double-Bit Axe
14:45 Bloodlines
LMG_SON SABANDIJAS
8:33 Loom
LMG_HERA DE TEMU
5:38 Loom
11:53 Feudal Age
12:52 Double-Bit Axe
Connection lost

Rejoining the realm…

Still unreachable

The connection could not be restored.

Session expired

The server has moved on; the page needs a fresh start.